 Dungeon Crawl Stone Soup version 0.27-a0-54-g64bdb92e38 (webtiles) character file.

Game seed: 4346080997135139356

53 runemasterragnar the Skirmisher (level 3, 0/41 HPs)
             Began as an Ogre Monk on Jan 7, 2021.
             Slain by a water moccasin zombie (1 damage)
             ... on level 5 of the Dungeon.
             The game lasted 00:01:41 (1526 turns).

runemasterragnar the Skirmisher (Ogre Monk)         Turns: 1526, Time: 00:01:41

Health: 0/41       AC:  3    Str: 15    XL:     3   Next: 87%
Magic:  3/3        EV: 10    Int: 12    God:
Gold:   71         SH:  0    Dex: 11    Spells: 2/2 levels left

rFire    . . .     SeeInvis .   a - +0 mace
rCold    . . .     Faith    .   (no shield)
rNeg     . . .     Spirit   .   b - +0 robe
rPois    .         Reflect  .   (helmet restricted)
rElec    .         Harm     .   (no cloak)
rCorr    .         Rampage  .   (gloves unavailable)
Will     .....                  (boots unavailable)
Stlth    ++........             (no amulet)
HPRegen  0.13/turn              (no ring)
MPRegen  0.08/turn              (no ring)

@: mighty
A: large, unfitting armour, tough skin 1
a: no special abilities


You were on level 5 of the Dungeon.
You visited 1 branch of the dungeon, and saw 5 of its levels.

You collected 71 gold pieces.

Inventory:

Hand Weapons
 a - a +0 mace (weapon)
Armour
 b - a +0 robe (worn)
Scrolls
 c - 2 scrolls of remove curse {unknown}
 d - 7 scrolls of identify {unknown}
 h - a scroll of teleportation {unknown}
 m - a scroll of magic mapping {unknown}
Potions
 e - a potion of berserk rage {unknown}
 f - a potion of curing {unknown}
 g - a potion of brilliance {unknown}
 i - a potion of might
 j - a potion of heal wounds {unknown}
 k - a potion of invisibility {unknown}
 l - a potion of ambrosia {unknown}


   Skills:
 * Level 4.9 Fighting
 * Level 3.3 Maces & Flails
 + Level 3.1 Dodging
 - Level 1.4 Stealth


You had 2 spell levels left.
You didn't know any spells.
Your spell library was empty.

Dungeon Overview and Level Annotations

Branches:
Dungeon (5/15)
 Temple: D:4-7

Altars:
Cheibriados
The Shining One


Innate Abilities, Weirdness & Mutations

You are too large for most types of armour.
You have tough skin. (AC +1)


Message History

The water moccasin zombie is heavily damaged.
The water moccasin zombie bites you.
The water moccasin zombie barely misses you.
You sock the water moccasin zombie!
The water moccasin zombie is almost destroyed.
The water moccasin zombie closely misses you.
You barely miss the water moccasin zombie.
The water moccasin zombie is almost destroyed.
The water moccasin zombie bites you.
* * * LOW HITPOINT WARNING * * *
The water moccasin zombie bites you.
* * * LOW HITPOINT WARNING * * *
You sock the water moccasin zombie!
The water moccasin zombie is almost destroyed.
The water moccasin zombie bites you.
* * * LOW HITPOINT WARNING * * *
It was a potion of might.
You feel very mighty all of a sudden. The water moccasin zombie bites you.
You die...

#####.#
#.....#
#@# #Z#
#.######.
#<.......
#.......#
#.......#
#####+###


You could see a water moccasin zombie.

Vanquished Creatures
  3 oozes (D:1)
  2 dart slugs
  A leopard gecko (D:3)
  7 bats
  2 giant cockroaches
  A goblin (D:1)
  2 hobgoblins (D:1)
  6 jackals
  A ball python (D:1)
  2 frilled lizards
  2 kobolds (D:1)
  6 rats
35 creatures vanquished.

Notes
Turn   | Place    | Note
-------+----------+-------------------------------------------
     0 | D:1      | runemasterragnar the Ogre Monk began the quest for the Orb.
     0 | D:1      | Reached XP level 1. HP: 24/24 MP: 1/1
    37 | D:1      | Reached XP level 2. HP: 13/32 MP: 2/2
   541 | D:1      | Found a glowing golden altar of the Shining One.
   567 | D:1      | Reached XP level 3. HP: 21/40 MP: 3/3
  1454 | D:4      | Found a snail-covered altar of Cheibriados.
  1505 | D:5      | Entered Level 5 of the Dungeon
  1525 | D:5      | HP: 1/41 [water moccasin zombie (6)]
  1526 | D:5      | Slain by a water moccasin zombie

Illustrated notes

Levels and vault maps discovered:
D:1:      mainiacjoe_arrival_reflecting_pool, layout_rooms,
          kennysheep_another_room, st_stairs_13, serial_park_tiny_2,
          tso_metal_star
D:2:      layout_basic, uniq_robin, uniq_terence, uniq_crazy_yiuf_cottage
D:3:      layout_basic, serial_park_tiny_pond, kennysheep_generic_room_3
D:4:      layout_gridville, cheibriados_altar_1, ashenzari_altar_1,
          uniq_menkaure, uniq_sigmund
D:5:      layout_basic, minmay_temple_entry_from_below_a, serial_shops,
          kennysheep_mini_moat, uniq_eustachio, uniq_ijyb

Skill      XL: |  1  2 |
---------------+-------+-----
Maces & Flails | 3 |  3.3
Dodging        | 3 |  3.1
Fighting       | |  4.9
Stealth        | |  1.4

Action                   || total
-------------------------++-------
Melee: Mace              ||   133
  Use: Potion            ||     1
 Stab: Sleeping          ||     2
Armor: Robe              ||    40
Dodge: Dodged            ||    88

Table legend: (Time is in decaauts)
 A = Elapsed time spent in this place.
 B = Non-inter-level travel time spent in this place.
 C = Inter-level travel time spent in this place.
 D = Time resting spent in this place.
 E = Time spent auto-exploring this place.
 F = Levels seen in this place.
 G = Mean time per level.
                   A        B        C        D        E       F      G
               +--------+--------+--------+--------+--------+-----+--------+
         Total |   1558 |   1558 |      0 |    184 |   1024 |   5 |  311.6 |
       Dungeon |   1558 |   1558 |      0 |    184 |   1024 |   5 |  311.6 |
               +--------+--------+--------+--------+--------+-----+--------+

Top non-repeatable levels by time:
     D:1: 1072 daAuts
     D:2: 263 daAuts
     D:4: 148 daAuts
     D:3: 50 daAuts
     D:5: 24 daAuts
